 Dungeon Crawl Stone Soup version 0.25-a0-513-ge77a69270c (console) character file.

Game seed: 15866338970523013993, levelgen mode: deterministic

36 surprisetrex the Firebug (level 3, -1/26 HPs)
             Began as a Hill Orc Fire Elementalist on Feb 15, 2020.
             Slain by Terence
             ... wielding a +0 trident
              (4 damage)
             ... on level 2 of the Dungeon on Feb 16, 2020.
             The game lasted 00:08:52 (1148 turns).

surprisetrex the Firebug (HOFE)                     Turns: 1148, Time: 00:08:52

Health: -1/26      AC:  2    Str: 10    XL:     3   Next: 37%
Magic:  0/5        EV: 12    Int: 19    God:
Gold:   116        SH:  0    Dex: 11    Spells: 4/5 levels left

rFire    . . .     SeeInvis .   (no weapon)
rCold    . . .     Gourm    .   (no shield)
rNeg     . . .     Faith    .   a - +0 robe
rPois    .         Spirit   .   m - +0 hat {Int+3}
rElec    .         Reflect  .   (no cloak)
rCorr    .         Harm     .   (no gloves)
MR       .....                  (no boots)
Stlth    ++........             (no amulet)
HPRegen  0.08/turn              (no ring)
MPRegen  0.09/turn              (no ring)

@: no status effects
A: no striking features
a: no special abilities


You were on level 2 of the Dungeon.
You were hungry.

You visited 1 branch of the dungeon, and saw 2 of its levels.

You collected 116 gold pieces.

Inventory:

Missiles
 d - 89 stones (quivered)
 h - 10 poisoned darts
Armour
 a - a +0 robe (worn)
 f - a +0 plate armour
 k - a +0 tower shield
 m - a +0 hat of intelligence (worn)
Scrolls
 e - a scroll of identify {unknown}
 i - 3 scrolls of teleportation {unknown}
 l - a scroll of fear {unknown}
Potions
 g - a potion of curing {unknown}
 j - 2 potions of heal wounds {unknown}
Comestibles
 b - 4 chunks of flesh
 c - 3 rations


   Skills:
 - Level 1.5 Dodging
 - Level 1.5 Stealth
 - Level 1.5 Spellcasting
 + Level 2.4 Conjurations
 - Level 4.0 Fire Magic


You had 4 spell levels left.
You knew the following spells:

 Your Spells              Type           Power        Failure   Level  Hunger
a - Foxfire               Conj/Fire      ##..         4%          1    ##.....

Your spell library contained the following spells:

 Spells                   Type           Power        Failure   Level  Hunger
 Conjure Flame            Conj/Fire      ##......     14%         3    ####...
 Inner Flame              Hex/Fire       #.......     24%         3    ####...
 Sticky Flame             Conj/Fire      ##......     43%         4    #####..
 Fireball                 Conj/Fire      ##........   78%         5    ######.


Dungeon Overview and Level Annotations

Branches:
Dungeon (2/15)

Altars:
Gozag
Yredelemnul

Annotations:
D:2 Terence


Message History

* * * LOW HITPOINT WARNING * * *
You hit Terence but do no damage.
Terence is almost dead.
Terence hits you with a +0 trident.
* * * LOW HITPOINT WARNING * * *
Throwing (i - inventory. (/) - cycle)
d - 91 stones (quivered)
Press: ? - help, Shift-Dir - straight line, f/p - Terence
Aim: Terence, wielding a +0 trident and wearing a +0 scale mail (almost dead)
You throw a stone.
The stone hits Terence but does no damage.
Terence is almost dead.
Terence barely misses you.
Throwing (i - inventory. (/) - cycle)
d - 90 stones (quivered)
Press: ? - help, Shift-Dir - straight line, f/p - Terence
Aim: Terence, wielding a +0 trident and wearing a +0 scale mail (almost dead)
You throw a stone.
The stone hits Terence but does no damage.
Terence is almost dead.
Terence hits you with a +0 trident.
You die...

#).#.# ##.#.#
#...# ##..# #
#..#.#
#######(.#.#
#......(...#
#.###..@.### #+#
#.# #..@.#
######.# #.#
#....# #......#
######.#
#....#####
##.....)#
#......#
####>....#
#.......# ##
#.....†#
#####.###._.....#
.# #.....)#
#.##......... .#
#....÷.#
#.......8.... .#
#...##.#
#.#)......... .#
######.#
#.###....._.#


You could see Terence.

Vanquished Creatures
  An adder (D:2)
  A dart slug (D:1)
  A leopard gecko (D:1)
  2 bats
  A giant cockroach (D:1)
  3 goblins
  4 hobgoblins
  3 kobolds
  A quokka (D:2)
  A ball python (D:1)
  2 frilled lizards (D:1)
  2 rats (D:1)
22 creatures vanquished.

Vanquished Creatures (others)
  56 foxfires
56 creatures vanquished.

Grand Total: 78 creatures vanquished

Notes
Turn   | Place    | Note
-------+----------+-------------------------------------------
     0 | D:1      | surprisetrex the Hill Orc Fire Elementalist began the quest
                  | for the Orb.
     0 | D:1      | Reached XP level 1. HP: 14/14 MP: 3/3
    60 | D:1      | Reached XP level 2. HP: 14/20 MP: 0/4
   179 | D:1      | Reached skill level 4 in Fire Magic
   716 | D:1      | Upgraded the game from 0.25-a0-510-ge065f6de7d to
                  | 0.25-a0-513-ge77a69270c
   852 | D:2      | Found an opulent altar of Gozag.
   856 | D:2      | Found a basalt altar of Yredelemnul.
   951 | D:2      | Reached XP level 3. HP: 24/26 MP: 1/5
  1105 | D:2      | Noticed Terence
  1148 | D:2      | Slain by Terence

Levels and vault maps discovered:
D:1:      dpeg_arrival_stonehenge_8_columns, layout_rooms, dk_noncrumbling_4
D:2:      layout_basic, grunt_temple_overflow_open, uniq_terence

Skill      XL: |  1  2 |
---------------+-------+-----
Fire Magic     | 4 |  4.0
Conjurations   | 2 |  2.4
Dodging        | |  1.5
Stealth        | |  1.5
Spellcasting   | |  1.5

Action                   || total
-------------------------++-------
Melee: Unarmed           ||    62
Throw: Stone             ||    54
 Cast: Foxfire           ||    35
  Eat: Chunk             ||     1
Armor: Robe              ||    18
Dodge: Dodged            ||    49

Table legend:
 A = Non-vault XP
 B = Vault XP
 C = Vault XP percentage of total XP
 D = Non-vault monster count
 E = Vault monster count
 F = Vault count percentage of total count
                 A         B        C        D         E       F
            +---------+---------+-------+---------+---------+-------
      Total |      52 |       0 |   0.0 |      22 |       0 |   0.0
            +---------+---------+-------+---------+---------+-------
        D:1 |      29 |       0 |   0.0 |      16 |       0 |   0.0
        D:2 |      23 |       0 |   0.0 |       6 |       0 |   0.0
            +---------+---------+-------+---------+---------+-------
